 Dungeon Crawl Stone Soup version 0.26-a0-672-g1df16c3386 (webtiles) character file.

Game seed: 278374116422699983

499 zazu2006 the Magician (level 7, 0/57 HPs)
             Began as a Naga Hedge Wizard on Oct 20, 2020.
             Slain by a centaur zombie (7 damage)
             ... on level 5 of the Dungeon.
             The game lasted 00:07:47 (5848 turns).

zazu2006 the Magician (Naga Hedge Wizard)           Turns: 5848, Time: 00:07:47

Health: 0/57       AC:  4    Str: 13    XL:     7   Next: 16%
Magic:  5/14       EV:  9    Int: 16    God:
Gold:   245        SH:  0    Dex: 10    Spells: 6/15 levels left

rFire    . . .     SeeInvis +   a - +0 dagger
rCold    + . .     Faith    .   (no shield)
rNeg     . . .     Spirit   .   d - +0 leather armour
rPois    +         Reflect  .   c - +0 hat
rElec    .         Harm     .   (no cloak)
rCorr    .         Rampage  .   (no gloves)
MR       .....                  (no barding)
Stlth    ++........             (no amulet)
HPRegen  0.19/turn              k - ring of protection from cold
MPRegen  0.14/turn              (no ring)

@: very slightly contaminated, very slow
A: large, see invisible, deformed body, poison resistance, slowness 2, spit
poison 1, AC +2
a: Spit Poison


You were on level 5 of the Dungeon.
You visited 1 branch of the dungeon, and saw 5 of its levels.

You collected 245 gold pieces.

Inventory:

Hand Weapons
 a - a +0 dagger (weapon)
Armour
 c - a +0 hat (worn)
 d - a +0 leather armour (worn)
Jewellery
 k - a ring of protection from cold (left hand)
Scrolls
 e - 12 scrolls of identify {unknown}
 f - a scroll of magic mapping {unknown}
 g - 2 scrolls of enchant armour {unknown}
 i - 3 scrolls of remove curse {unknown}
 l - a scroll of fog {unknown}
 m - a scroll of random uselessness {unknown}
 o - 3 scrolls of teleportation {unknown}
 p - 2 scrolls of immolation {unknown}
 r - 2 scrolls of enchant weapon {unknown}
 t - a scroll of noise {unknown}
Potions
 b - 2 potions of heal wounds {unknown}
 h - a potion of magic {unknown}
 j - a potion of stabbing {unknown}
 n - a potion of lignification {unknown}
 q - a potion of resistance
 s - 2 potions of brilliance {unknown}


   Skills:
 + Level 1.0 Fighting
 + Level 1.7 Armour
 + Level 2.1 Dodging
 + Level 3.6 Stealth
 + Level 4.7 Spellcasting
 + Level 3.2 Conjurations
   Level 1.0 Summonings
 + Level 1.0 Translocations
 + Level 1.0 Air Magic
 * Level 4.0 Poison Magic


You had 6 spell levels left.
You knew the following spells:

 Your Spells              Type           Power        Failure   Level
a - Magic Dart            Conj           ##..         5%          1
b - Mephitic Cloud        Conj/Pois/Air  ##......     19%         3
c - Conjure Flame         Conj/Fire      #.......     30%         3
d - Blink                 Tloc           N/A          21%         2

Your spell library contained the following spells:

 Spells                   Type           Power        Failure   Level
 Call Imp                 Summ           #.......     21%         2
 Slow                     Hex            #.......     30%         2


Dungeon Overview and Level Annotations

Branches:
Dungeon (5/15)
 Temple: D:4-7

Altars:
Fedhas
Makhleb
Nemelex Xobeh
Qazlal

Shops:
D:5 ([

Annotations:
D:5 2 transporters


Innate Abilities, Weirdness & Mutations

You cannot wear boots.
Your serpentine skin is tough. (AC +2)
You have supernaturally acute eyesight. (SInv)
Armour fits poorly on your strangely shaped body.
Your system is resistant to poisons. (rPois)
You cover ground very slowly.
You can spit poison.


Message History

The centaur zombie closely misses you. The centaur zombie hits you.
* * * LOW HITPOINT WARNING * * *
You hit the centaur zombie.
The centaur zombie is heavily damaged.
The centaur zombie barely misses you.
Casting: Magic Dart (safe; 5% risk of failure)
Confirm with . or Enter, or press ? or * to list all spells.
You miscast Blink.
You are very lightly contaminated with residual magic.
Nothing appears to happen.
The centaur zombie hits you!
* * * LOW HITPOINT WARNING * * *
Casting: Blink (safe; 21% risk of failure)
Confirm with . or Enter, or press ? or * to list all spells.
You miscast Blink.
Nothing appears to happen.
The centaur zombie hits you.
* * * LOW HITPOINT WARNING * * *
Casting: Blink (safe; 21% risk of failure)
Confirm with . or Enter, or press ? or * to list all spells.
You miscast Blink.
Nothing appears to happen.
The centaur zombie barely misses you. The centaur zombie hits you!
You die...

#. . . .## .. ##.###
... #....## ....
##......
.....########
#.......
...(....@...#
##....#..
......>.Z.?.##
#....#...
.............#
##..###...
.............###..##
#...
...#..........#..##
#... ..
#............## #...
. #...........##
#... #...........#
#... #...........#
##...


You could see a centaur zombie.

Vanquished Creatures
  A sky beast (D:5)
  An orc priest (D:3)
  Jessica (D:4)
  An iguana (D:4)
  4 orc wizards
  2 worker ants (D:4)
  7 adders
  A shadow imp (D:5)
  A white imp (D:5)
  An ooze (D:3)
  2 adder skeletons (D:4)
  2 worms
  3 dart slugs
  A leopard gecko (D:1)
  5 orcs (D:3)
  7 giant cockroaches
  7 goblins
  7 hobgoblins
  12 jackals (D:2)
  2 quokkas
  2 ball pythons
  5 bats
  2 frilled lizards
  8 kobolds
  A quokka skeleton (D:5)
  14 rats
100 creatures vanquished.

Notes
Turn   | Place    | Note
-------+----------+-------------------------------------------
     0 | D:1      | zazu2006 the Naga Hedge Wizard began the quest for the Orb.
     0 | D:1      | Reached XP level 1. HP: 15/15 MP: 4/4
   147 | D:1      | Reached XP level 2. HP: 22/22 MP: 4/6
   896 | D:2      | Reached XP level 3. HP: 27/28 MP: 4/8
   922 | D:1      | Learned a level 3 spell: Mephitic Cloud
   926 | D:1      | Learned a level 3 spell: Conjure Flame
   929 | D:1      | Learned a level 2 spell: Blink
  1521 | D:2      | Reached XP level 4. HP: 26/36 MP: 3/9
  1578 | D:2      | Reached skill level 1 in Poison Magic
  2342 | D:2      | Reached XP level 5. HP: 5/42 MP: 1/11
  2375 | D:2      | Reached skill level 1 in Armour
  3027 | D:3      | Reached XP level 6. HP: 16/50 MP: 8/12
  4882 | D:4      | Found a sparkling altar of Nemelex Xobeh.
  4882 | D:4      | Noticed Jessica
  4885 | D:4      | Killed Jessica
  4944 | D:4      | Found a burning altar of Makhleb.
  4944 | D:4      | Found a blossoming altar of Fedhas.
  4949 | D:4      | Found a stormy altar of Qazlal.
  5156 | D:5      | Entered Level 5 of the Dungeon
  5156 | D:5      | Found Ocac's Armour Boutique.
  5247 | D:5      | Found a transporter.
  5271 | D:5      | Noticed a sky beast
  5281 | D:5      | Killed a sky beast
  5281 | D:5      | Reached skill level 1 in Air Magic
  5281 | D:5      | Reached XP level 7. HP: 39/56 MP: 6/14
  5402 | D:5      | Found Kudefol's Antique Weapon Emporium.
  5778 | D:5      | Found a transporter.
  5826 | D:5      | Reached skill level 1 in Fighting
  5848 | D:5      | Slain by a centaur zombie

Illustrated notes

Levels and vault maps discovered:
D:1:      eino_arrival_cavern_b, layout_rooms, moated_statue, minmay_tromino_i2
D:2:      layout_loops_ring
D:3:      layout_basic
D:4:      layout_gridville, minitemple, small_statue_intersection,
          nemelex_lonely_heart_becter
D:5:      gammafunk_cloud_chamber, layout_cave_pods, serial_shops, shop,
          kennysheep_windowed_goal

Skill      XL: |  1  2  3  4  5  6  7 |
---------------+----------------------+-----
Poison Magic   | 1 2 3 4 |  4.0
Spellcasting   | 4 |  4.7
Conjurations   | 2 3 |  3.2
Dodging        | 2 |  2.1
Armour         | 1 |  1.7
Air Magic      | 1 |  1.0
Fighting       | 1 |  1.0
Stealth        | |  3.6
Summonings     | |  1.0
Translocations | |  1.0

Action                   |  1- 3 |  4- 6 |  7- 9 || total
-------------------------+-------+-------+-------++-------
Melee: Dagger            |    39 |    51 |    25 ||   115
 Cast: Magic Dart        |    73 |   128 |    19 ||   220
       Mephitic Cloud    |     1 |     8 |       ||     9
 Abil: Spit Poison       |    15 |    38 |     1 ||    54
 Stab: Confused          |     1 |     5 |       ||     6
       Sleeping          |       |     1 |       ||     1
Armor: Leather armour    |    18 |    12 |    13 ||    43
Dodge: Dodged            |    38 |    49 |    18 ||   105

Table legend: (Time is in decaauts)
 A = Elapsed time spent in this place.
 B = Non-inter-level travel time spent in this place.
 C = Inter-level travel time spent in this place.
 D = Time resting spent in this place.
 E = Time spent auto-exploring this place.
 F = Levels seen in this place.
 G = Mean time per level.
                   A        B        C        D        E       F      G
               +--------+--------+--------+--------+--------+-----+--------+
         Total |   6846 |   6670 |    176 |    615 |   5302 |   5 | 1369.2 |
       Dungeon |   6846 |   6670 |    176 |    615 |   5302 |   5 | 1369.2 |
               +--------+--------+--------+--------+--------+-----+--------+

Top non-repeatable levels by time:
     D:2: 1986 daAuts
     D:3: 1498 daAuts
     D:4: 1416 daAuts
     D:1: 1117 daAuts
     D:5: 826 daAuts
